 Dungeon Crawl Stone Soup version 0.25.1-2-g60ff931df9 (webtiles) character file.

Game seed: 8091531995661165147

1177 Almogavar the Cleaver (level 8, -4/70 HPs)
             Began as a Hill Orc Abyssal Knight on Aug 29, 2020.
             Was a Priest of Lugonu.
             Killed from afar by Blork the orc (8 damage)
             ... with a puff of flame
             ... on level 6 of the Dungeon.
             The game lasted 00:24:02 (6682 turns).

Almogavar the Cleaver (Hill Orc Abyssal Knight)     Turns: 6682, Time: 00:24:02

Health: -4/70      AC: 11    Str: 17    XL:     8   Next: 41%
Magic:  9/10       EV:  7    Int: 12    God:    Lugonu [***...]
Gold:   237        SH:  0    Dex: 16    Spells: 7/7 levels left

rFire    . . .     SeeInvis +   a - +2 hand axe
rCold    . . .     Gourm    .   (no shield)
rNeg     + . .     Faith    .   u - +1 chain mail {rN+}
rPois    +         Spirit   .   t - +0 hat {SInv}
rElec    .         Reflect  .   b - +0 cloak
rCorr    .         Harm     .   (no gloves)
MR       .....                  (no boots)
Stlth    ..........             l - amulet of the acrobat
HPRegen  0.21/turn              r - +6 ring of dexterity
MPRegen  0.12/turn              p - ring of poison resistance

@: heavily drained
A: no striking features
a: Depart the Abyss, Bend Space, Banish, Renounce Religion


You were on level 6 of the Dungeon.
You worshipped Lugonu.
Lugonu was most pleased with you.
You were not hungry.

You visited 2 branches of the dungeon, and saw 9 of its levels.
You visited the Abyss 1 time.

You collected 237 gold pieces.

Inventory:

Hand Weapons
 a - a +2 hand axe (weapon)
 v - the +3 rapier of Contradiction {freeze, rPois}
   (You found it on level 5 of the Dungeon)

   It has been specially enchanted to freeze those struck by it, causing extra
   injury to most foes and up to half again as much damage against particularly
   susceptible opponents.
   It can also slow down cold-blooded creatures.
   It protects you from poison.
Armour
 b - a +0 cloak (worn)
 t - a +0 hat of see invisible (worn)
 u - a +1 chain mail of positive energy (worn)
 x - the +4 tower shield of Hywops {rF+ Str+3 Int-5}
   (You took it off an orc wizard on level 5 of the Dungeon)

   It affects your strength (+3).
   It affects your intelligence (-5).
   It protects you from fire.
Jewellery
 e - an uncursed ring of see invisible
 l - an amulet of the acrobat (around neck)
 p - a ring of poison resistance (right hand)
 r - a +6 ring of dexterity (left hand)
Scrolls
 g - a scroll of immolation {unknown}
 j - a scroll of amnesia
 n - a scroll of enchant armour
 o - a scroll of blinking
 q - a scroll of magic mapping
Potions
 d - a potion of heal wounds
 f - a potion of mutation {unknown}
 h - 2 potions of curing {unknown}
 i - a potion of invisibility {unknown}
 k - 2 potions of ambrosia {unknown}
 m - a potion of haste {unknown}
 s - a potion of lignification {unknown}
Comestibles
 c - 8 rations
 w - 2 chunks of flesh


   Skills:
 + Level 6.2(4.8) Fighting
 + Level 8.6(7.1) Axes
 + Level 5.8(4.4) Armour
 + Level 2.4(1.1) Dodging
 + Level 3.3(2.0) Invocations


You had 7 spell levels left.
You didn't know any spells.
Your spell library was empty.

Dungeon Overview and Level Annotations

Branches:
Dungeon (8/15)             Temple (1/1) D:4
   Lair: D:8-11

Altars:
Elyvilon
Fedhas
Kikubaaqudgha
Qazlal

Portals:
Abyss: D:3

Annotations:
D:3 2 transporters, JarielCorvus's ghost, amateur DEWz
D:6 2 transporters, Blork the orc


Message History

Blork the orc hits you but does no damage.
You partially resist.
You feel drained.
You hit Blork the orc.
Blork the orc is severely wounded.
Blork the orc gestures wildly while chanting.
Blork the orc flickers and vanishes for a moment.
You closely miss Blork the orc.
Blork the orc is severely wounded.
Blork the orc hits you with a +2 flail of draining.
* * * LOW HITPOINT WARNING * * *
You partially resist.
You feel drained.
You hit Blork the orc.
Blork the orc is almost dead.
Blork the orc points at you and mumbles some strange words.
The puff of flame hits you!
* * * LOW HITPOINT WARNING * * *
Space bends around you!
You blink.
Blork the orc gestures at you while chanting.
The puff of flame hits you!
You die...

..# #.# ##.........# ..#
#.###############.# ..# .
#.......# #.# ..# .. .#
#.#####.# ###
..####.######+#.#####.###
.........................
..................###.##
.<####.###.####.#.###.####
................@.........
..####.###.####.#.##..####
.....# #....# #.#... .#
.....# #....# #.####.##
#....# #....###.####.#
#.####.#......).......
.............)ยง.......
..............o)####.#
###############.#


You could see Blork the orc (fast, invisible).

Vanquished Creatures
  An ogre (D:4)
  A crocodile (D:8)
  A big kobold (D:7)
  2 scorpions
  3 crimson imps (D:5)
  2 howler monkeys (D:4)
  A quasit (D:7)
  2 hounds (D:5)
  A bullfrog skeleton (D:5)
  A gnoll shaman (D:6)
  4 orc wizards
  6 worker ants
  A hound skeleton (D:6)
  8 gnolls
  7 adders
  A shadow imp (D:6)
  An ooze (D:2)
  A worm (D:2)
  5 leopard geckos
  19 orcs
  A ball python (D:3)
  4 giant cockroaches
  7 goblins
  4 hobgoblins
  6 jackals
  4 quokkas
  9 bats
  3 frilled lizards
  13 kobolds
  2 rats (D:1)
121 creatures vanquished.

Vanquished Creatures (others)
  A giant cockroach (D:2)
  A quokka (D:2)
  A bat (D:2)
3 creatures vanquished.

Grand Total: 124 creatures vanquished

Notes
Turn   | Place    | Note
-------+----------+-------------------------------------------
     0 | Abyss:1  | Almogavar the Hill Orc Abyssal Knight began the quest for
                  | the Orb.
     0 | Abyss:1  | Reached XP level 1. HP: 19/19 MP: 2/2
    36 | Abyss:1  | Noticed a wretched star
    37 | D:1      | Escaped the Abyss
   177 | D:1      | Reached skill level 3 in Axes
   223 | D:1      | Reached XP level 2. HP: 20/27 MP: 4/4
   334 | D:1      | Reached * piety under Lugonu
   803 | D:2      | Reached XP level 3. HP: 33/33 MP: 5/5
  1210 | D:2      | Reached skill level 1 in Dodging
  1704 | D:2      | Found a white marble altar of Elyvilon.
  1713 | D:2      | Reached XP level 4. HP: 41/41 MP: 6/6
  1824 | D:3      | Reached skill level 4 in Axes
  1877 | D:3      | Found a one-way gate to the infinite horrors of the Abyss.
  1877 | D:3      | Noticed JarielCorvus's ghost (amateur DEWz)
  1905 | D:3      | Found a transporter.
  1914 | D:3      | Noticed a small abomination
  1925 | D:3      | Found a transporter.
  2176 | D:3      | Reached ** piety under Lugonu
  2831 | D:3      | Reached XP level 5. HP: 47/47 MP: 7/7
  2899 | D:3      | Found a blossoming altar of Fedhas.
  2901 | D:3      | Found an ancient bone altar of Kikubaaqudgha.
  3228 | D:4      | Found a staircase to the Ecumenical Temple.
  3283 | D:4      | Noticed an ogre
  3316 | Temple   | Entered the Ecumenical Temple
  3563 | D:4      | Killed an ogre
  3563 | D:4      | Reached skill level 5 in Axes
  3821 | D:4      | Reached XP level 6. HP: 42/55 MP: 8/8
  4305 | D:4      | Reached skill level 5 in Fighting
  4481 | D:4      | Reached skill level 6 in Axes
  5193 | D:5      | Entered Level 5 of the Dungeon
  5203 | D:5      | Reached XP level 7. HP: 58/61 MP: 9/9
  5372 | D:5      | You fall into a shaft and drop 3 floors!
  5616 | D:7      | Reached skill level 7 in Axes
  5694 | D:6      | Found a transporter.
  5702 | D:6      | Reached skill level 5 in Armour
  5849 | D:5      | Got an ichor-stained rapier
  5854 | D:5      | Identified the +3 rapier of Contradiction {freeze, rPois}
                  | (You found it on level 5 of the Dungeon)
  5961 | D:5      | Reached *** piety under Lugonu
  6028 | D:5      | Identified the +4 tower shield of Hywops {rF+ Str+3 Int-5}
  6030 | D:5      | Reached XP level 8. HP: 69/70 MP: 10/10
  6214 | D:5      | Reached skill level 8 in Axes
  6564 | D:6      | Found a stormy altar of Qazlal.
  6640 | D:6      | Found a transporter.
  6649 | D:6      | Noticed Blork the orc
  6682 | D:6      | Killed from afar by Blork the orc

Illustrated notes

Levels and vault maps discovered:
D:1:      dpeg_arrival_refuge, layout_basic
D:2:      layout_basic, elyvilon_altar_4, grunt_ministairs_14
D:3:      layout_basic, grunt_temple_overflow_growth_and_decay,
          gammafunk_ghost_abyssal_escape
D:4:      layout_loops_corners, minmay_temple_entry_trees, first_ration,
          st_stairs_7
D:5:      layout_cave_pools
D:6:      gammafunk_steamed_eel, layout_basic, kennysheep_mini,
          grunt_qazlal_sundering, overflow_temple_1_default, uniq_blork_the_orc
D:7:      layout_basic, gammafunk_ghost_cemetery, solitary_fountain,
          grunt_ogre_cave
D:8:      layout_basic, chequers_temple_overflow_minitemple
Temple:   minmay_temple_curvy_loop

Skill      XL: |  1  2  3  4  5  6  7  8 |
---------------+-------------------------+-----
Axes           | 3 4 5 6 7 8 |  8.6
Fighting       | 4 5 6 |  6.2
Invocations    | 3 |  3.3
Dodging        | 1 2 |  2.4
Armour         | 3 4 5 |  5.8

Action                   |  1- 3 |  4- 6 |  7- 9 || total
-------------------------+-------+-------+-------++-------
Melee: Hand axe          |   114 |   187 |   267 ||   568
Invok: Depart the Abyss  |     1 |       |       ||     1
       Bend Space        |       |     1 |     3 ||     4
  Use: Scroll            |     2 |     3 |     2 ||     7
       Potion            |       |       |     1 ||     1
  Eat: Chunk             |     3 |    10 |     6 ||    19
Armor: Leather armour    |    25 |       |       ||    25
       Ring mail         |    19 |    19 |       ||    38
       Scale mail        |       |    37 |     7 ||    44
       Chain mail        |       |       |   123 ||   123
Dodge: Dodged            |    98 |   106 |   125 ||   329
